 Dungeon Crawl Stone Soup version 0.27.1-4-g1640c2035a (webtiles) character file.

Game seed: 6555291113644549322

189806 ddubois the Spry (level 17, -12/89 HPs)
             Began as a Spriggan Delver on Nov 12, 2021.
             Was a High Priest of Okawaru.
             Mangled by a six-headed hydra simulacrum (22 damage)
             ... on level 4 of the Swamp on Nov 17, 2021.
             The game lasted 05:42:48 (71876 turns).

ddubois the Spry (Spriggan Delver)                 Turns: 71876, Time: 05:42:49

Health: -12/89     AC: 13    Str:  8    XL:     17   Next: 96%
Magic:  31/31      EV: 29    Int: 16    God:    Okawaru [*****.]
Gold:   1017       SH:  5    Dex: 19    Spells: 3/34 levels left

rFire    . . .     SeeInvis +   w - +2 double sword (flame)
rCold    . . .     Faith    .   (shield currently unavailable)
rNeg     . . .     Spirit   .   p - +2 robe {Archmagi}
rPois    +         Reflect  +   M - +2 hat {Will+}
rElec    .         Harm     .   C - +2 cloak
rCorr    .         Rampage  .   (gloves unavailable)
Will     +++..     Archmagi +   (boots unavailable)
Stlth    +++++.....             m - amulet of reflection
HPRegen  0.24/turn              L - +4 ring of protection
MPRegen  0.22/turn              X - ring of Kigar {Fly rPois}

@: flying, very quick
A: very small, no large weapons, unfitting armour, see invisible, speed 3
a: Renounce Religion, Heroism, Finesse


You were on level 4 of the Swamp.
You worshipped Okawaru.
Okawaru was extremely pleased with you.
You visited 5 branches of the dungeon, and saw 31 of its levels.
You also visited: Ossuary.

You collected 3225 gold pieces.
You spent 2208 gold pieces at shops.

Inventory:

Hand Weapons
 a - a +4 dagger of electrocution
 b - a +3 hunting sling
 h - a +2 rapier of holy wrath
 w - a +2 double sword of flaming (weapon)
Missiles
 l - 3 atropa-tipped darts
 n - 36 poisoned darts (quivered)
 q - 15 datura-tipped darts
 r - 9 curare-tipped darts
 E - 7 boomerangs of dispersal
 I - 191 sling bullets
 S - 62 boomerangs
 Y - a throwing net
Armour
 p - a +2 robe of the Archmagi (worn)
 C - a +2 cloak (worn)
 F - a +3 buckler of protection
 M - a +2 hat of willpower (worn)
Jewellery
 i - a ring of fire
 m - an amulet of reflection (around neck)
 H - a ring of protection from cold
 L - a +4 ring of protection (left hand)
 O - a +4 ring of protection
 U - a ring of resist corrosion
 X - the ring of Kigar (right hand) {Fly rPois}
   (You took it off a fenstrider witch on level 4 of the Swamp)

   [ring of flight]

   rPois:     It protects you from poison.
   Fly:       It grants you flight.
Wands
 g - a wand of digging (8)
 j - a wand of iceblast (19)
 y - a wand of flame (49)
 B - a wand of charming (8)
 G - a wand of acid (20)
 Z - a wand of mindburst (48)
Scrolls
 c - 7 scrolls of fog
 d - 5 scrolls of magic mapping
 e - 2 scrolls of fear
 s - 12 scrolls of identify
 z - a scroll of teleportation
 N - 5 scrolls of blinking
 P - a scroll of enchant weapon
Potions
 f - 2 potions of might
 k - 3 potions of cancellation
 u - 3 potions of resistance
 v - a potion of magic
 A - 4 potions of brilliance
 D - 2 potions of heal wounds
 J - 5 potions of curing
 K - a potion of berserk rage
 Q - a potion of invisibility
 R - a potion of flight
 T - 2 potions of haste
Miscellaneous
 o - a lightning rod (4/4)
 t - a phial of floods
 V - a tin of tremorstones (2/2)
 W - a box of beasts


   Skills:
 - Level 10.0 Fighting
 - Level 10.0(12.9) Short Blades
 + Level 10.7(11.6) Long Blades
 - Level 12.0 Slings
 - Level 15.0 Dodging
 - Level 10.0 Stealth
 - Level 7.2 Shields
 - Level 9.0 Spellcasting
 - Level 3.0 Hexes
 + Level 4.4 Summonings
 - Level 10.0 Necromancy
 - Level 12.0 Translocations
 - Level 10.0 Earth Magic
 - Level 3.0 Invocations
 - Level 8.0 Evocations


You had 3 spell levels left.
You knew the following spells:

 Your Spells              Type           Power      Damage    Failure   Level
a - Animate Dead          Necr           28%        N/A       1%          4
b - Borgnjor's Vile Clut  Necr/Erth      28%        N/A       4%          5
c - Leda's Liquefaction   Hex/Erth       21%        N/A       7%          4
d - Portal Projectile     Hex/Tloc       92%        N/A       1%          3
e - Blink                 Tloc           N/A        N/A       1%          2
f - Manifold Assault      Tloc           62%        N/A       1%          5
g - Teleport Other        Tloc           62%        N/A       1%          3
h - Summon Forest         Summ/Tloc      25%        N/A       10%         5

Your spell library contained the following spells:

 Spells                   Type           Power      Damage    Failure   Level
 Passwall                 Tmut/Erth      28%        N/A       1%          2
 Gell's Gravitas          Tloc           31%        N/A       1%          3
 Lesser Beckoning         Tloc           31%        N/A       1%          3
 Vampiric Draining        Necr           28%        2d10      1%          3
 Call Imp                 Summ           32%        N/A       2%          2
 Stone Arrow              Conj/Erth      68%        3d11      3%          3
 Slow                     Hex            25%        N/A       4%          2
 Call Canine Familiar     Summ           32%        N/A       4%          3
 Confusing Touch          Hex            25%        N/A       9%          3
 Foxfire                  Conj/Fire      40%        2x1d6     10%         1
 Magic Dart               Conj           40%        1d5       10%         1
 Sting                    Tmut/Pois      40%        1d5       10%         1
 Poisonous Vapours        Pois/Air       20%        N/A       16%         2
 Static Discharge         Conj/Air       10%        N/A       16%         2
 Inner Flame              Hex/Fire       18%        N/A       16%         3
 Conjure Flame            Conj/Fire      10%        6-21      30%         3
 Ignite Poison            Fire/Tmut/Pois 10%        N/A       30%         3
 Mephitic Cloud           Conj/Pois/Air  10%        N/A       30%         3
 Swiftness                Air            10%        N/A       30%         3
 Dispersal                Tloc           31%        N/A       11%         6
 Death Channel            Necr           28%        N/A       26%         6
 Summon Mana Viper        Hex/Summ       28%        N/A       52%         5
 Bolt of Magma            Conj/Fire/Erth 13%        4d8       58%         5
 Olgreb's Toxic Radiance  Pois           10%        N/A       69%         4
 Sticky Flame             Conj/Fire      10%        2d3       69%         4
 Shadow Creatures         Summ           N/A        N/A       94%         6
 Fireball                 Conj/Fire      5%         3d5       95%         5
 Lightning Bolt           Conj/Air       5%         1d17      95%         5
 Invisibility             Hex            12%        N/A       99%         6
 Haunt                    Necr/Summ      22%        N/A       99%         7
 Starburst                Conj/Fire      5%         6d4       100%        6
 Ignition                 Fire           5%         3d4       100%        8
 Infestation              Necr           28%        N/A       100%        8
 Maxwell's Capacitive Co  Air            5%         ∞         100%        8
 Chain Lightning          Conj/Air       5%         3d6       100%        9
 Fire Storm               Conj/Fire      5%         8d1       100%        9
 Shatter                  Erth           28%        3d23*     100%        9


Dungeon Overview and Level Annotations

Branches:
Dungeon (15/15)            Temple (0/1) D:6            Lair (6/6) D:8
  Swamp (4/4) Lair:2        Snake (4/4) Lair:4        Slime (0/5) Lair:5
    Orc (2/2) D:12            Elf (0/3) Orc:2        Vaults (0/5) D:14
 Depths (0/5) D:15        Ossuary (visited)

Altars:
Elyvilon
Gozag
Makhleb
Nemelex Xobeh
Okawaru
Trog
Xom
Yredelemnul
Zin
The Shining One
Beogh
Jiyva

Shops:
D:7 !   D:14 *   D:15 (   Orc:1 :   Orc:2 !([[   Snake:3 [!=   Snake:4 [

Annotations:
D:5 Dowan, Duvessa
D:12 exclusion: door
D:14 exclusions: 2 doors and 1 more exclusion
Lair:6 exclusion: obsidian statue
Swamp:3 1 runed translucent door, pkoi's ghost, journeyman DrMo
Snake:1 Jorgrun
Snake:3 exclusion: 3 downstairs
Snake:4 Aizul


Innate Abilities, Weirdness & Mutations

You are very small and have problems with some larger weapons.
You are too small for most types of armour.
You have supernaturally acute eyesight. (SInv)
You cover ground extremely quickly. (Speed+++)


Message History

You see here +0 swamp dragon scales.
I - 186 sling bullets (gained 4)
I - 188 sling bullets (gained 2)
I - 189 sling bullets (gained 1)
I - 191 sling bullets (gained 2)
You see here 5 sling bullets.
An eight-headed hydra simulacrum is nearby!
An eight-headed hydra simulacrum is nearby!
An eight-headed hydra simulacrum is nearby!
A 27-headed hydra zombie comes into view.
You catch the helpless eight-headed hydra simulacrum completely off-guard!
You chop one of the eight-headed hydra simulacrum's heads off!
You slash the seven-headed hydra simulacrum!
You melt the seven-headed hydra simulacrum.
The seven-headed hydra simulacrum is heavily damaged.
You block the seven-headed hydra simulacrum's attack.
The seven-headed hydra simulacrum bites you!
The seven-headed hydra simulacrum freezes you!!
The seven-headed hydra simulacrum bites you but does no damage.
The seven-headed hydra simulacrum barely misses you.
The seven-headed hydra simulacrum closely misses you.
The seven-headed hydra simulacrum misses you.
You block the seven-headed hydra simulacrum's attack.
You lop one of the seven-headed hydra simulacrum's heads off!
You hit the six-headed hydra simulacrum.
You melt the six-headed hydra simulacrum.
The six-headed hydra simulacrum is heavily damaged.
The six-headed hydra simulacrum barely misses you.
The six-headed hydra simulacrum bites you!
The six-headed hydra simulacrum freezes you!
The six-headed hydra simulacrum closely misses you.
The six-headed hydra simulacrum bites you but does no damage.
The six-headed hydra simulacrum bites you!
* * * LOW HITPOINT WARNING * * *
The six-headed hydra simulacrum freezes you!
* * * LOW HITPOINT WARNING * * *
The six-headed hydra simulacrum bites you.
* * * LOW HITPOINT WARNING * * *
The six-headed hydra simulacrum freezes you!!
You die...

##≈♣♣.≈ ..♣ ♣♣..♣
##.♣♣≈.≈ ≈≈k ≈...♣
##.♣♣♣♣♣. ♣.≈ .♣.≈.♣
♣#≈..♣ ♣. ≈.♣≈.≈≈♣
##≈≈≈†♣ ♣. ≈.♣≈.#
#.≈≈≈♣♣ ♣§ ....#
♣≈.≈≈♣♣ ♣♣≈ ##Z.♣
♣♣♣♣♣♣≈♣♣♣.≈
♣#♣.@Z♣#♣.♣♣ ♣≈..♣♣.≈
♣.≈.≈≈≈..≈.♣♣♣≈≈≈§♣.≈
♣♣≈♣.≈♣♣.≈≈♣♣.≈≈≈≈♣≈≈
♣♣♣.≈≈≈♣..♣♣≈≈≈...≈≈
♣≈≈((≈♣♣♣♣♣♣.≈≈≈≈≈
♣♣?≈≈.♣.♣ ♣♣.[≈...
♣♣.≈≈.♣♣♣♣≈....≈.
♣♣.≈≈≈.[≈.♣♣....
♣♣♣.≈≈≈≈≈≈.♣♣♣≈≈≈


You could see a swamp drake (wandering), a six-headed hydra simulacrum and a
27-headed hydra zombie.

Vanquished Creatures
  Rupert (Lair:4)
  2 thorn hunters
  2 nagarajas
  Kirke (Swamp:2)
  A fenstrider witch (Swamp:4)
  An orc warlord (Orc:2)
  5 ghouls
  A stone giant (D:15)
  A vampire knight (Swamp:4)
  8 bunyips
  2 eleionomae
  4 dire elephants (Lair:6)
  19 hydras
  A boulder beetle (D:14)
  Harold (D:9)
  10 naga warriors
  A salamander tyrant (Snake:3)
  An ogre mage (D:15)
  3 ghost crabs
  9 anacondas
  4 merfolk avatars (Swamp:1)
  2 centaur warriors
  A dancing weapon (D:14)
  8 alligators
  7 tengu warriors
  9 death yaks
  5 two-headed ogres
  2 orc high priests (Orc:2)
  2 shock serpents
  10 naga sharpshooters
  2 spectral death yaks (Lair:6)
  Nergalle (Lair:1)
  2 salamander mystics
  2 spriggan druids (Swamp:3)
  2 goliath frogs (Swamp:1)
  5 deep elf pyromancers
  11 swamp dragons
  2 spectral hydras
  5 necromancers
  A harpy (shapeshifter) (D:15)
  5 bog bodies
  3 naga ritualists
  An orc knight (Orc:2)
  A phantasmal warrior (Swamp:3)
  A lindwurm (Lair:5)
  6 deep elf zephyrmancers
  Pikel (D:5)
  4 manticores
  8 mana vipers
  3 ugly things (D:12)
  2 orc sorcerers (Orc:2)
  3 will-o-the-wisps
  4 oklob plants (Lair:6)
  3 cyclopes
  8 elephants (Lair:6)
  35 black mambas
  10 salamanders
  12 naga magi
  3 guardian serpents
  Joseph (D:9)
  7 cane toads
  A cane toad (shapeshifter) (D:13)
  A gargoyle (D:13)
  3 kobold demonologists
  6 komodo dragons
  An unseen horror (D:13)
  Maggie (D:8)
  An efreet (D:15)
  A rime drake (Lair:4)
  A freezing wraith (D:14)
  4 yaktaurs (D:15)
  A merfolk (D:10)
  3 death drake zombies (Swamp:4)
  6 trolls
  3 bloated husks
  6 tyrant leeches
  3 meliai (D:14)
  3 polar bears
  6 hornets
  A slime creature (D:10)
  Prince Ribbit (D:7)
  7 blink frogs
  2 hydra skeletons (Swamp:4)
  61 yaks
  A shadow (D:11)
  7 spriggans
  A wraith (Ossuary)
  8 wyverns
  5 hogs
  A death yak simulacrum (Lair:6)
  Eustachio (D:6)
  2 basilisks
  A steam dragon (D:9)
  13 vampire mosquitoes
  5 wargs
  A spectral cane toad (Lair:6)
  A cane toad zombie (D:10)
  A hydra simulacrum (Swamp:4)
  23 nagas
  16 swamp worms
  13 water moccasins
  27 orc warriors
  11 black bears
  A hornet zombie (D:7)
  2 ice beasts
  7 swamp drakes
  2 sky beasts
  3 elephant zombies (Lair:3)
  3 necrophages (Swamp:4)
  8 ogres
  A swamp dragon zombie (Swamp:4)
  An elephant skeleton (Lair:6)
  9 centaurs
  2 lemures (D:4)
  2 phantoms
  A swamp dragon skeleton (Swamp:4)
  4 kobold brigands
  2 komodo dragon zombies (Lair:3)
  19 bullfrogs
  2 gnoll sergeants
  A cane toad simulacrum (Lair:6)
  3 scorpions
  A wyvern zombie (D:7)
  A water moccasin skeleton (D:4)
  11 killer bees
  7 howler monkeys
  8 electric eels
  3 centaur zombies
  A bullfrog zombie (D:5)
  A hound (D:3)
  3 gnoll shamans
  16 jellies
  2 centaur skeletons
  14 orc priests
  Crazy Yiuf (D:3)
  Ijyb (D:5)
  Terence (D:3)
  3 iguanas
  20 orc wizards
  A hell rat (D:8)
  A hound zombie (D:5)
  A mummy (Ossuary)
  10 gnolls
  A howler monkey zombie (D:6)
  2 adders
  A river rat (D:8)
  A white imp (D:5)
  2 ufetubi
  A dart slug (D:4)
  74 orcs
  3 endoplasms
  3 giant cockroaches
  7 goblins
  5 hobgoblins
  A jackal (D:1)
  9 kobolds
  4 quokkas
  7 ball pythons
  6 bats
  3 frilled lizards
  7 gnoll skeletons (Ossuary)
  8 kobold skeletons (Ossuary)
  10 orc skeletons (Ossuary)
  6 rats
  A butterfly (Lair:6)
881 creatures vanquished.

Vanquished Creatures (collateral kills)
  A naga warrior (Snake:1)
  A tengu warrior (D:15)
  2 death yaks (Lair:6)
  A naga mage (Snake:1)
  2 yaks (Lair:4)
  An orc (Orc:2)
8 creatures vanquished.

Vanquished Creatures (others)
  A bunyip (Swamp:1)
  A spriggan druid (Swamp:3)
  An elephant (Lair:6)
  A bloated husk (Swamp:4)
  A spriggan (Swamp:3)
  3 humans (Swamp:3)
  3 orcs (Orc:2)
  3 briar patches (Swamp:2)
  A bush (Lair:6)
  21 foxfires
  25 fungi
  122 plants
  31 withered plants (Lair:6)
214 creatures vanquished.

Grand Total: 1103 creatures vanquished

Notes
Turn   | Place    | Note
-------+----------+-------------------------------------------
     0 | D:5      | ddubois the Spriggan Delver began the quest for the Orb.
     0 | D:5      | Reached XP level 1. HP: 11/11 MP: 2/2
     6 | D:5      | Noticed Dowan
    54 | D:5      | Noticed a scorpion
    68 | D:5      | Noticed an orc wizard
   211 | D:4      | Reached XP level 2. HP: 16/16 MP: 3/3
   608 | D:3      | Noticed a necrophage
  1039 | D:1      | Reached XP level 3. HP: 17/18 MP: 4/4
  1193 | D:1      | Reached skill level 3 in Dodging
  1320 | D:1      | Found a faded altar of an unknown god.
  1402 | D:1      | Became a worshipper of Warmaster Okawaru
  1402 | D:1      | Reached * piety under Okawaru
  2409 | D:3      | Noticed Terence
  2414 | D:3      | Killed Terence
  2415 | D:3      | Reached XP level 4. HP: 23/23 MP: 5/5
  2699 | D:3      | Found a runed translucent door.
  2700 | D:3      | Noticed Crazy Yiuf
  3160 | D:4      | Reached XP level 5. HP: 25/28 MP: 6/6
  3550 | D:3      | Reached skill level 4 in Dodging
  3726 | D:3      | Killed Crazy Yiuf
  3915 | D:3      | Reached XP level 6. HP: 28/32 MP: 7/7
  3997 | D:4      | Reached skill level 5 in Short Blades
  4086 | D:4      | Reached ** piety under Okawaru
  4087 | D:4      | Reached skill level 5 in Dodging
  4237 | D:4      | Reached XP level 7. HP: 27/37 MP: 8/8
  4371 | D:4      | Found a bloodstained altar of Trog.
  4708 | D:5      | Noticed Duvessa
  4750 | D:5      | Noticed Pikel
  6019 | D:5      | Reached skill level 6 in Dodging
  6887 | D:5      | Found a glowing golden altar of the Shining One.
  6887 | D:5      | Found a glowing silver altar of Zin.
  6895 | D:5      | Found a faded altar of an unknown god.
  6896 | D:5      | Noticed Ijyb
  6897 | D:5      | Found a faded altar of an unknown god.
  6916 | D:5      | Killed Ijyb
  6917 | D:5      | Reached XP level 8. HP: 40/42 MP: 7/9
  6917 | D:5      | Found a burning altar of Makhleb.
  6997 | D:5      | Killed Pikel
  6998 | D:5      | Reached skill level 7 in Dodging
  7001 | D:5      | Reached *** piety under Okawaru
  7002 | D:5      | Reached skill level 5 in Fighting
  7643 | D:6      | Found a sand-covered staircase.
  7755 | Ossuary  | Entered an ossuary
  8511 | D:6      | Found a staircase to the Ecumenical Temple.
  8648 | D:6      | Noticed Eustachio
  8686 | D:6      | Killed Eustachio
  8687 | D:6      | Reached skill level 8 in Dodging
  8687 | D:6      | Reached XP level 9. HP: 40/47 MP: 10/10
  9647 | D:7      | Found a sparkling altar of Nemelex Xobeh.
  9674 | D:7      | Reached skill level 10 in Short Blades
  9798 | D:7      | Found Likoep's Distillery.
  9946 | D:7      | Reached **** piety under Okawaru
 10040 | D:7      | Reached skill level 9 in Dodging
 10440 | D:7      | Bought a potion of lignification for 42 gold pieces
 10440 | D:7      | Bought a potion of heal wounds for 70 gold pieces
 10770 | D:7      | Reached skill level 10 in Dodging
 11036 | D:8      | Noticed Prince Ribbit
 11051 | D:7      | Killed Prince Ribbit
 11052 | D:7      | Reached XP level 10. HP: 37/55 MP: 8/11
 11312 | D:8      | Learned a level 4 spell: Animate Dead
 11487 | D:8      | Noticed Maggie
 11873 | D:8      | Noticed a death yak
 12224 | D:9      | Noticed Joseph
 12454 | D:9      | Reached skill level 11 in Dodging
 12642 | D:9      | Noticed Harold
 12647 | D:9      | Killed Harold
 12903 | D:8      | Noticed a death yak
 13089 | D:8      | Noticed a death yak
 13143 | D:8      | Found a staircase to the Lair.
 13502 | D:8      | Killed a death yak
 13502 | D:8      | Reached ***** piety under Okawaru
 13502 | D:8      | Received a gift from Okawaru
 13503 | D:8      | Reached skill level 12 in Dodging
 13960 | D:8      | Killed a death yak
 14275 | D:9      | Found a white marble altar of Elyvilon.
 14377 | D:9      | Noticed a two-headed ogre
 14455 | D:8      | Killed a two-headed ogre
 14456 | D:8      | Reached skill level 13 in Dodging
 14456 | D:8      | Reached XP level 11. HP: 20/62 MP: 6/12
 14794 | D:9      | Killed Joseph
 15099 | D:9      | Found a basalt altar of Yredelemnul.
 15169 | D:10     | Entered Level 10 of the Dungeon
 15201 | D:10     | Learned a level 3 spell: Mephitic Cloud
 16299 | D:10     | Noticed a two-headed ogre
 16535 | D:10     | Reached skill level 14 in Dodging
 18391 | D:10     | Reached skill level 1 in Shields
 18488 | D:10     | Found a shimmering altar of Xom.
 18501 | D:10     | Reached skill level 10 in Fighting
 18767 | D:10     | Received a gift from Okawaru
 20171 | D:11     | Found a viscous altar of Jiyva.
 21963 | D:10     | Reached skill level 15 in Dodging
 21963 | D:10     | Reached XP level 12. HP: 26/67 MP: 10/13
 23469 | D:11     | Reached skill level 5 in Shields
 23720 | D:12     | Reached skill level 1 in Evocations
 24051 | D:12     | Reached skill level 1 in Invocations
 24120 | D:12     | Identified the +9 hand axe of Death {freeze, +Blink Dex+3}
 24307 | D:12     | Identified the +1 buckler "Lunu" {rPois rF- Str+9 Int+5}
 24343 | D:12     | Found a staircase to the Orcish Mines.
 25219 | D:12     | Noticed a seven-headed hydra
 25257 | D:12     | Killed a seven-headed hydra
 25257 | D:12     | Received a gift from Okawaru
 25838 | Lair:1   | Entered Level 1 of the Lair of Beasts
 25872 | Lair:1   | Noticed Nergalle
 26169 | Lair:1   | Killed Nergalle
 26170 | Lair:1   | Reached skill level 10 in Stealth
 26469 | Lair:1   | Noticed a five-headed hydra
 26495 | Lair:1   | Killed a five-headed hydra
 26496 | Lair:1   | Reached skill level 1 in Necromancy
 27363 | Lair:2   | Noticed an eight-headed hydra
 27376 | Lair:2   | Killed an eight-headed hydra
 27519 | Lair:2   | Noticed a four-headed hydra
 27531 | Lair:2   | Killed a four-headed hydra
 27549 | Lair:2   | Learned a level 5 spell: Borgnjor's Vile Clutch
 28002 | Lair:2   | Reached XP level 13. HP: 62/72 MP: 16/16
 28051 | Lair:1   | Reached skill level 1 in Earth Magic
 28820 | Lair:2   | Found a staircase to the Swamp.
 29373 | Lair:3   | Reached skill level 5 in Necromancy
 30667 | Lair:3   | Reached ****** piety under Okawaru
 30697 | Lair:3   | Received a gift from Okawaru
 31202 | Lair:4   | Noticed Rupert
 31217 | Lair:4   | Killed Rupert
 31274 | Lair:4   | Found a staircase to the Snake Pit.
 32542 | Lair:5   | Reached skill level 5 in Earth Magic
 32685 | Lair:5   | Found a staircase to the Slime Pits.
 32754 | Lair:5   | Reached skill level 1 in Spellcasting
 33151 | Snake:1  | Entered Level 1 of the Snake Pit
 33832 | Lair:6   | Entered Level 6 of the Lair of Beasts
 34289 | Lair:6   | Received a gift from Okawaru
 34703 | Lair:5   | Reached XP level 14. HP: 53/77 MP: 20/20
 35955 | Lair:6   | Reached skill level 5 in Spellcasting
 36368 | Lair:6   | Identified the +1 robe of the Desert {rF- Int+4 SInv}
                  | (Okawaru gifted it to you on level 6 of the Lair of Beasts)
 36368 | Lair:6   | Received a gift from Okawaru
 39818 | Orc:1    | Entered Level 1 of the Orcish Mines
 40026 | Orc:2    | Entered Level 2 of the Orcish Mines
 40026 | Orc:2    | Found a staircase to the Elven Halls.
 40450 | Orc:1    | Found Qimiyk's Book Boutique.
 42008 | Orc:2    | Found Hife's Armour Emporium.
 43102 | Orc:2    | Found Acam's Antique Armour Shop.
 43102 | Orc:2    | Noticed an orc warlord
 43448 | Orc:2    | Killed an orc warlord
 43591 | Orc:2    | Reached XP level 15. HP: 71/80 MP: 28/28
 43686 | Orc:2    | Found Binki's Antique Weapon Boutique.
 43725 | Orc:2    | Bought a steaming shortbow for 296 gold pieces
 43725 | Orc:2    | Identified the +10 shortbow "Killer Klown's Regret"
                  | {freeze, Drain rC+ Str+3 Dex+4} (You bought it in a shop on
                  | level 2 of the Orcish Mines)
 43794 | Orc:2    | Found Heshruy's Distillery.
 43802 | Orc:2    | Bought a potion of heal wounds for 75 gold pieces
 43836 | Orc:2    | Bought a glowing robe for 103 gold pieces
 43836 | Orc:2    | Bought a glowing scarf for 224 gold pieces
 43870 | Orc:2    | Bought a runed double sword for 666 gold pieces
 44176 | D:13     | Received a gift from Okawaru
 44215 | D:13     | Reached skill level 1 in Long Blades
 44348 | D:13     | Reached skill level 10 in Necromancy
 45640 | D:14     | Found Mimuep's Gadget Gallery.
 45647 | D:14     | Bought a lightning rod (4/4) for 420 gold pieces
 46307 | D:14     | Found a gate to the Vaults.
 46312 | D:14     | Reached skill level 10 in Earth Magic
 47426 | D:15     | Entered Level 15 of the Dungeon
 47440 | D:15     | Reached skill level 5 in Evocations
 47914 | D:15     | Found Watepe's Weapon Emporium.
 48277 | D:15     | Found a staircase to the Depths.
 48327 | D:15     | Reached skill level 5 in Long Blades
 48992 | D:15     | Received a gift from Okawaru
 49963 | Orc:1    | Learned a level 4 spell: Leda's Liquefaction
 49966 | Orc:1    | Bought a book of Spatial Translocations for 312 gold pieces
 49974 | Orc:1    | Learned a level 3 spell: Portal Projectile
 49977 | Orc:1    | Learned a level 2 spell: Blink
 49983 | Orc:1    | Learned a level 5 spell: Manifold Assault
 50546 | D:8      | Killed Maggie
 50547 | D:8      | Reached skill level 1 in Translocations
 50781 | Snake:1  | Reached skill level 1 in Hexes
 52439 | Snake:1  | Noticed Jorgrun
 52812 | Snake:1  | Reached skill level 1 in Slings
 53201 | Snake:1  | Reached skill level 5 in Translocations
 53733 | Snake:2  | Noticed a nagaraja
 53754 | Snake:2  | Killed a nagaraja
 53910 | Snake:2  | Reached XP level 16. HP: 85/85 MP: 20/30
 53924 | Snake:2  | Identified the +1 buckler of Okawaru's Scorn {MP+9 Str+4}
                  | (Okawaru gifted it to you on level 2 of the Snake Pit)
 53924 | Snake:2  | Received a gift from Okawaru
 55102 | Snake:2  | Reached skill level 5 in Slings
 56520 | Snake:3  | Found Saraurhe's Antique Armour Boutique.
 56551 | Snake:3  | Received a gift from Okawaru
 56845 | Snake:3  | Found Geemib's Distillery.
 56847 | Snake:3  | Found Luilehuyw's Jewellery Boutique.
 57093 | Snake:3  | Received a gift from Okawaru
 57815 | Snake:4  | Entered Level 4 of the Snake Pit
 57884 | Snake:4  | Received a gift from Okawaru
 58051 | Snake:4  | Found Ber Oshuce's Armour Emporium.
 58617 | Snake:3  | Received a gift from Okawaru
 58736 | Snake:4  | Noticed Aizul
 59655 | Swamp:1  | Entered Level 1 of the Swamp
 60274 | Swamp:1  | Noticed a thorn hunter
 60309 | Swamp:1  | Killed a thorn hunter
 60310 | Swamp:1  | Reached skill level 10 in Slings
 60572 | Swamp:1  | Reached XP level 17. HP: 77/89 MP: 3/31
 62813 | Lair:2   | Learned a level 3 spell: Teleport Other
 62819 | Lair:2   | Learned a level 5 spell: Summon Forest
 62934 | Swamp:2  | Found an opulent altar of Gozag.
 63436 | Swamp:2  | Reached skill level 1 in Summonings
 63959 | Swamp:3  | Noticed Kirke
 63985 | Swamp:2  | Killed Kirke
 65040 | Swamp:3  | Reached skill level 10 in Long Blades
 65166 | Swamp:3  | Reached skill level 10 in Translocations
 67316 | Swamp:3  | Found a runed translucent door.
 67323 | Swamp:3  | Identified the +7 trident "Ifeucor" {vorpal, rF+ Str-4
                  | Int+2}
 67323 | Swamp:3  | Noticed pkoi's ghost (journeyman DrMo)
 67509 | Swamp:4  | Entered Level 4 of the Swamp
 67834 | Swamp:3  | Received a gift from Okawaru
 68478 | Swamp:4  | Identified the ring of Kigar {Fly rPois}
 69138 | Swamp:3  | Received a gift from Okawaru
 71800 | Swamp:4  | Received a gift from Okawaru
 71876 | Swamp:4  | Mangled by a six-headed hydra simulacrum

Illustrated notes

Levels and vault maps discovered:
D:1:      tarquinn_simple_flora_water_d, layout_basic,
          ebering_ecumenical_altar_webs, minmay_close_crescents
D:2:      layout_basic, cheibrodos_gnoll_hut
D:3:      layout_loops_ring, uniq_crazy_yiuf_cottage, uniq_terence
D:4:      layout_rooms, lemuel_round_altar, kennysheep_pointless_box,
          grunt_ministairs_12, bh_walls_and_bars
D:5:      layout_loops_corners, chequers_temple_overflow_minitemple,
          serial_bayou_pond_d, uniq_ijyb, uniq_pikel, uniq_duvessa
D:6:      layout_cave_pools, minmay_temple_entry_ruins,
          lightli_ossuary_entry_decrepit_ruins, uniq_eustachio
D:7:      layout_basic, mainiacjoe_overflow_surrounded_room, serial_shops,
          nicolae_inconvenience_store
D:8:      layout_loops_ring, dpeg_lair_monsters, uniq_prince_ribbit1,
          uniq_maggie
D:9:      layout_long_grid, kennysheep_ying_yang, uniq_harold, uniq_joseph
D:10:     kennysheep_town
D:11:     layout_basic, jiyva_altar_1
D:12:     layout_roguey, david_orc_1_choice
D:13:     layout_loops_ring
D:14:     layout_roguey, erik_vaults_1, nicolae_shop_gadgets
D:15:     grunt_enter_depths_snipers, layout_basic, minivault_19, serial_shops,
          shop
Lair:1:   layout_cave_pods, serial_bayou_shore_b, grunt_megastairs_2,
          infiniplex_staircase_pool_2, uniq_nergalle
Lair:2:   layout_cave_shapes, palyth_hydra_swamp_entry, minivault_25,
          patterned_corridor
Lair:3:   pond_and_an_island_with_a_cottage, layout_layer_cave,
          chequers_serial_rivers_small_a
Lair:4:   layout_cellular_growth, minmay_snake_entry_spellcaster, uniq_rupert
Lair:5:   layout_small_grid, minmay_slime_entry_jelly_boxes
Lair:6:   due_jungle_book, layout_regular_city, serial_bayou_shore_b,
          minmay_lair_oklob_chamber, grunt_megastairs_1, lemuel_fruit_fields
Swamp:1:  layout_basic_swamp, nicolae_swamp_bean_lake, swamp_pool1,
          grunt_lady_of_the_lake
Swamp:2:  layout_basic_swamp, lemuel_altar_in_water
Swamp:3:  layout_basic_swamp, ebering_ghost_funeral_grove, serial_swamp_ruin,
          evilmike_swamp_ruin_house_3, evilmike_swamp_ruin_house_1, swamp_pool2,
          uniq_kirke
Swamp:4:  byrel_swamp_growth_death_and_undeath, layout_basic_swamp
Snake:1:  layout_onion, uniq_jorgrun
Snake:2:  layout_gridlike, grunt_megastairs_5
Snake:3:  layout_basic, nicolae_snake_omega, minmay_shop_star
Snake:4:  minmay_snake_end_coiled, layout_cave_town, serial_shops,
          nicolae_shop_behind_doors, shop, uniq_asterion, uniq_vashnia,
          uniq_aizul
Orc:1:    layout_caves, serial_shops, shop_fountains
Orc:2:    grunt_orc_community_town_hall, layout_caves,
          grunt_orc_community_big_house_1, grunt_orc_community_big_house_1,
          grunt_orc_community_house_2, grunt_orc_community_house_3,
          grunt_orc_community_house_1, grunt_orc_community_house_1,
          grunt_orc_community_house_1, elves_outpost_lemuel

Skill      XL: |  1  2  3  4  5  6  7  8  9 10 11 12 13 14 15 16 17 |
---------------+----------------------------------------------------+-----
Stealth        | 8 10 | 10.0
Dodging        | 3 4 5 6 8 10 13 15 | 15.0
Short Blades   | 3 4 5 7 9 10 | 10.0
Fighting       | 3 4 5 7 9 10 | 10.0
Shields        | 4 7 |  7.2
Evocations     | 4 8 |  8.0
Invocations    | 3 |  3.0
Necromancy     | 3 8 9 10 | 10.0
Earth Magic    | 6 9 10 | 10.0
Spellcasting   | 3 8 9 |  9.0
Long Blades    | 6 9 10 | 10.7
Translocations | 6 8 12 | 12.0
Hexes          | 3 |  3.0
Slings         | 2 10 12 | 12.0
Summonings     | 4 |  4.4

Action                   |  1- 3 |  4- 6 |  7- 9 | 10-12 | 13-15 | 16-18 || total
-------------------------+-------+-------+-------+-------+-------+-------++-------
Melee: Short sword       |   132 |    87 |   474 |  1195 |   125 |       ||  2013
       Punch             |       |       |     1 |     5 |     1 |       ||     7
       Dagger            |       |       |       |   259 |  2009 |   538 ||  2806
       Double sword      |       |       |       |       |   101 |   115 ||   216
 Fire: Hunting sling     |       |       |    32 |    71 |    88 |   726 ||   917
Throw: Dart              |       |    19 |    71 |    69 |    74 |    10 ||   243
       Stone             |       |       |    14 |    28 |       |       ||    42
       Boomerang         |       |       |       |     2 |     6 |       ||     8
 Cast: Animate Dead      |       |       |       |       |    24 |     2 ||    26
       Borgnjor's Vile C |       |       |       |       |    39 |   208 ||   247
       Blink             |       |       |       |       |     7 |    14 ||    21
       Portal Projectile |       |       |       |       |     3 |    16 ||    19
       Leda's Liquefacti |       |       |       |       |     1 |       ||     1
       Manifold Assault  |       |       |       |       |       |     7 ||     7
Invok: Heroism           |       |     1 |     5 |    23 |    17 |     8 ||    54
       Finesse           |       |       |       |     5 |     2 |     2 ||     9
 Abil: Evoke Blink       |       |       |       |       |     1 |       ||     1
Evoke: Wand              |       |       |     6 |    57 |    13 |     3 ||    79
       Tin of tremorston |       |       |       |     2 |     3 |     1 ||     6
       Phial of floods   |       |       |       |       |     1 |       ||     1
       Lightning rod     |       |       |       |       |       |     3 ||     3
  Use: Scroll            |       |       |     5 |    13 |    17 |     4 ||    39
       Potion            |       |       |     3 |     5 |       |     7 ||    15
 Stab: Sleeping          |    10 |     4 |    16 |    14 |    47 |    19 ||   110
       Held in net/web   |     1 |       |       |       |       |       ||     1
       Distracted        |       |     1 |     1 |     8 |    10 |     2 ||    22
Armor: Robe              |    17 |     5 |    24 |    35 |   145 |   103 ||   329
       Skin              |       |       |       |    26 |       |       ||    26
Dodge: Dodged            |   126 |    59 |   289 |   949 |  1020 |   544 ||  2987
Block: Buckler           |       |       |       |   216 |   581 |   194 ||   991
       Reflection        |       |       |       |       |    28 |    37 ||    65
       Other             |       |       |       |       |    80 |    64 ||   144
       Rpst.: Double sword |       |       |       |       |    31 |    20 ||    51
